 Dungeon Crawl Stone Soup version 0.30.0 (webtiles) character file.

Game seed: 1563784931000245098

30808 matuaBeast the Fighter (level 13, -4/124 HPs)
             Began as a Minotaur Berserker on Oct 1, 2023.
             Was a High Priest of Trog.
             Drowned by a drowned soul (15 damage)
             ... summoned by a merfolk avatar
             ... on level 1 of the Shoals.
             The game lasted 00:54:43 (14311 turns).

matuaBeast the Fighter (Minotaur Berserker)        Turns: 14311, Time: 00:54:43

Health: -4/124     AC: 27    Str: 25 (26) XL:     13   Next: 22%
Magic:  12/12      EV: 13    Int: 13      God:    Trog [*****.]
Gold:   1227       SH:  0    Dex: 14      Spells: 12/12 levels left

rFire   . . .        s - +0 battleaxe (heavy)
rCold   . . .        (shield currently unavailable)
rNeg    . . .        D - +2 plate armour "Roulyesa" {Contam +Inv Will++ Dex+3 Stlth+}
rPois   .            (helmet restricted)
rElec   .            x - +0 cloak
rCorr   +            G - +0 pair of gloves of the Slug {rCorr Int+3}
SInv    .            f - +0 pair of boots
Will    ++...        g - amulet of faith Stlth
                     m - +6 ring of intelligence
HPRegen 0.40/turn    n - +4 ring of protection
MPRegen 0.13/turn

%: faith
@: on berserk cooldown, mesmerised, slowed, very slow
A: horns 2, retaliatory headbutt, deterioration 1
a: Renounce Religion, Evoke Invisibility, Berserk, Trog's Hand, Brothers in Arms


You were on level 1 of the Shoals.
You worshipped Trog.
Trog was extremely pleased with you.
You visited 3 branches of the dungeon, and saw 15 of its levels.

You collected 2259 gold pieces.
You spent 1032 gold pieces at shops.

Inventory:

Hand Weapons
 a - a +1 spectral hand axe
 s - a +0 heavy battleaxe (weapon)
 w - a +4 dire flail of freezing
 y - a +4 broad axe of protection
Missiles
 i - 135 stones (quivered)
Armour
 f - a +0 pair of boots (worn)
 x - a +0 cloak (worn)
 D - the +2 plate armour "Roulyesa" (worn) {Contam +Inv Will++ Dex+3 Stlth+}
   (You bought it in a shop on level 10 of the Dungeon)

   Dex:       It affects your dexterity (+3).
   +Inv:      It lets you turn invisible.
   Contam:    It causes magical contamination when unequipped.
   Will:      It greatly increases your willpower.
   Stlth:     It makes you more stealthy.
 E - a +0 plate armour
 G - the +0 pair of gloves of the Slug (worn) {rCorr Int+3}
   (You found it on level 10 of the Dungeon)

   Int:       It affects your intelligence (+3).
   rCorr:     It protects you from acid and corrosion.
Jewellery
 g - an amulet of faith (around neck)
 j - a ring of fire
 m - a +6 ring of intelligence (left hand)
 n - a +4 ring of protection (right hand)
 C - a +4 ring of protection
 K - a ring of magical power
Wands
 b - a wand of acid (4)
 l - a wand of flame (18)
 t - a wand of mindburst (12)
 H - a wand of roots (12)
 M - a wand of polymorph (3)
Scrolls
 e - 3 scrolls of brand weapon
 h - 6 scrolls of teleportation
 o - a scroll of torment
 p - 2 scrolls of identify
 q - a scroll of fear
 u - 7 scrolls of magic mapping
 A - 3 scrolls of fog
 B - a scroll of poison
 F - 2 scrolls of silence
 N - a scroll of immolation
Potions
 c - 2 potions of haste
 d - 4 potions of cancellation
 k - 2 potions of heal wounds
 r - 2 potions of lignification
 v - 4 potions of might
 z - a potion of curing
 I - 2 potions of invisibility
 J - a potion of magic
 L - a potion of brilliance


   Skills:
 + Level 14.1 Fighting
 + Level 14.1 Axes
 + Level 13.9 Armour
 + Level 12.8 Dodging


You had 12 spell levels left.
You didn't know any spells.
Your spell library was empty.

Dungeon Overview and Level Annotations

Branches:
Dungeon (11/15)            Temple (0/1) D:6            Lair (3/5) D:11
 Shoals (1/4) Lair:3       Spider (0/4) Lair:3
    Orc: D:9-12

Altars:
Elyvilon
Fedhas
Makhleb
Ru
Sif Muna
Vehumet
Wu Jian
Xom
Zin
The Shining One

Shops:
D:10 [(!

Annotations:
Lair:2 exclusion: oklob plant
Lair:3 exclusion: oklob plant


Innate Abilities, Weirdness & Mutations

You have a pair of horns on your head.
You reflexively headbutt those who attack you in melee.
Your body sometimes deteriorates upon taking damage.


Message History

The merfolk closely misses you. You furiously retaliate!
You headbutt the merfolk!!
You kill the merfolk!
Trog accepts your kill.
You hear a splash. x2
You cannot move away from the merfolk avatar!
The merfolk avatar chants its luring song.
You feel a strong urge to attack something.
You are no longer berserk.
You are exhausted.
You feel yourself slow down.
The merfolk avatar chants its luring song.
The drowned soul touches you. The drowned soul drowns you!
The merfolk avatar chants its luring song. x3
The drowned soul touches you. The drowned soul drowns you!
The drowned soul touches you. The drowned soul drowns you!
Your body deteriorates!
You feel weakened.
The merfolk avatar chants its luring song. x2
The merfolk avatar chants its luring song. x2
Your unstable footing causes you to fumble your attack.
The drowned soul returns to the deep!
The drowned soul touches you. The drowned soul drowns you!
* * * LOW HITPOINT WARNING * * *
The merfolk avatar chants its luring song. x2
The drowned soul touches you. The drowned soul drowns you!
* * * LOW HITPOINT WARNING * * *
The merfolk avatar chants its luring song.
You barely miss the merfolk avatar. You headbutt the merfolk avatar!
The merfolk avatar is lightly wounded.
The merfolk avatar chants its luring song. x2
You barely miss the merfolk avatar. You headbutt the merfolk avatar.
The merfolk avatar is lightly wounded.
You hit the drowned soul. You slice the drowned soul!!
You destroy the drowned soul!
The drowned soul returns to the deep! x2
The merfolk avatar chants its luring song.
The drowned soul touches you. The drowned soul drowns you!
* * * LOW HITPOINT WARNING * * *
The drowned soul touches you. The drowned soul drowns you!
You die...

≈PP~~~~P~~~~P~~
≈~P~~~~~≈~~~~~~~~~~~~~~~.
~~~P.~≈≈≈≈~~P~~~~~~~~~~..
~~P..P≈≈≈≈~~~~~~~~~~~~~..
~PP..~≈≈≈≈~~~.~P~~..~~...
≈~~~~...~≈≈≈~P........~~..
~~P.P.P...Wm≈..~......~~~~
~~~..#P..~≈~~.....>)..~~~~
≈~~PP.....~~@...~(.†.~~~~~
≈~PP...~<.~....~~~.)~~~~~~
≈~PP~.~~~~~..≈~~~~~~~~~.~~
≈~~PP~~..~W~~~~~~~~~~~~...
≈≈PPP~~...~÷.(.~~~~~~~~~..
≈≈~~~~~)##.........~~~~~.#
≈~~PP...##...###..~~~~~...
≈~~~PPP.###P.# ##.~~~~~...
≈~PP~~......P# #P~~~~~~..


You could see a merfolk avatar (mesmerising) and 2 drowned souls.

Vanquished Creatures
  Josephine (Shoals:1)
  A hydra (Lair:1)
  A centaur warrior (D:9)
  A two-headed ogre (D:9)
  Nergalle (Lair:2)
  Amaemon (Lair:2)
  3 harpies (Shoals:1)
  2 wolf spiders (Lair:3)
  2 manticores
  Maurice (D:8)
  A cyclops (Shoals:1)
  A black mamba (Lair:3)
  2 merfolk sirens (Lair:3)
  A water nymph (Shoals:1)
  7 cane toads
  An orange demon (Lair:2)
  A kobold demonologist (D:5)
  3 rime drakes
  3 komodo dragons
  A polar bear (Lair:1)
  A wind drake (Shoals:1)
  3 merfolk
  A troll (D:11)
  2 dream sheep (Shoals:1)
  4 blink frogs (Lair:1)
  6 wraiths
  A jumping spider (Lair:3)
  A shadow (D:9)
  2 wyverns
  40 yaks
  2 basilisks
  2 steam dragons
  Menkaure (D:5)
  2 acid dragons
  4 water moccasins
  3 black bears
  7 wolves
  6 orc warriors
  A sky beast (D:7)
  4 ogres
  6 centaurs
  A phantom (D:4)
  2 kobold brigands
  2 gnoll sergeants
  8 bullfrogs
  7 wights (D:9)
  A howler monkey (D:10)
  An electric eel (Lair:3)
  7 jellies
  2 hounds (D:6)
  A gnoll bouda (D:3)
  3 orc priests (D:10)
  2 sleepcaps
  2 iguanas
  3 orc wizards
  12 gnolls
  5 adders
  A worm (D:4)
  2 dart slugs (D:4)
  50 orcs
  10 endoplasms
  5 giant cockroaches
  10 goblins
  6 hobgoblins
  4 jackals
  15 kobolds
  4 quokkas
  8 ball pythons
  7 bats
  3 frilled lizards
  5 rats
323 creatures vanquished.

Vanquished Creatures (others)
  An orc (D:8)
  2 kobolds (D:9)
  16 plants
19 creatures vanquished.

Grand Total: 342 creatures vanquished

Notes
Turn   | Place    | Note
-------+----------+-------------------------------------------
     0 | D:1      | matuaBeast the Minotaur Berserker began the quest for the
                  | Orb.
     0 | D:1      | Reached XP level 1. HP: 19/19 MP: 0/0
   172 | D:1      | Reached XP level 2. HP: 27/27 MP: 1/1
   668 | D:1      | Identified a scroll of acquirement
   674 | D:1      | Gained mutation: Your body sometimes deteriorates upon
                  | taking damage. [potion of mutation]
   988 | D:2      | Reached XP level 3. HP: 32/33 MP: 2/2
   994 | D:2      | Reached ** piety under Trog
  1079 | D:2      | Found a blossoming altar of Fedhas.
  1163 | D:2      | Reached XP level 4. HP: 41/41 MP: 3/3
  1376 | D:2      | You fall into a shaft and drop 1 floor!
  1586 | D:2      | You fall into a shaft and drop 1 floor!
  2150 | D:3      | Acquired 1264 gold pieces
  2244 | D:3      | Found a faded altar of an unknown god.
  2779 | D:3      | Reached XP level 5. HP: 47/47 MP: 4/4
  2870 | D:4      | Noticed a black bear
  2876 | D:4      | Killed a black bear
  2877 | D:4      | Reached skill level 5 in Fighting
  2877 | D:4      | Reached skill level 5 in Axes
  2877 | D:4      | Reached XP level 6. HP: 49/56 MP: 5/5
  2947 | D:4      | Reached *** piety under Trog
  3264 | D:4      | Identified the +0 ring mail "Aleo" {Int+3}
  3533 | D:5      | Entered Level 5 of the Dungeon
  3540 | D:5      | Noticed Menkaure
  3549 | D:5      | Killed Menkaure
  3550 | D:5      | Reached skill level 5 in Armour
  3550 | D:5      | Reached XP level 7. HP: 16/62 MP: 6/6
  3925 | D:5      | Found a shimmering altar of Xom.
  4015 | D:5      | Noticed a kobold demonologist
  4021 | D:5      | Noticed an orange demon
  4025 | D:5      | Noticed a rust devil
  4025 | D:5      | Killed a kobold demonologist
  4026 | D:5      | Reached skill level 5 in Dodging
  4036 | D:5      | Reached XP level 8. HP: 71/71 MP: 7/7
  4069 | D:5      | Reached **** piety under Trog
  4683 | D:5      | Found a sacrificial altar of Ru.
  4683 | D:5      | Found a shimmering blue altar of Sif Muna.
  4890 | D:5      | Found an ornate altar of the Wu Jian Council.
  4899 | D:5      | Found a blossoming altar of Fedhas.
  4902 | D:5      | Found a radiant altar of Vehumet.
  5199 | D:6      | Found a staircase to the Ecumenical Temple.
  5538 | D:6      | Reached XP level 9. HP: 81/81 MP: 8/8
  6669 | D:7      | Acquired a +2 heavy broad axe
  6819 | D:8      | Noticed a manticore
  6827 | D:8      | Found a glowing silver altar of Zin.
  7226 | D:8      | Identified the +2 leather armour "Urchilom" {rF+ Dex-5
                  | Slay+5}
  7341 | D:8      | Noticed Maurice
  7360 | D:8      | Killed Maurice
  7695 | D:8      | Killed a manticore
  7749 | D:8      | Reached skill level 10 in Fighting
  7749 | D:8      | Reached skill level 10 in Axes
  7749 | D:8      | Reached skill level 10 in Armour
  7749 | D:8      | Reached XP level 10. HP: 94/94 MP: 9/9
  7913 | D:9      | Found a white marble altar of Elyvilon.
  7927 | D:9      | Reached XP level 11. HP: 79/102 MP: 10/10
  7933 | D:9      | Reached skill level 10 in Dodging
  7936 | D:9      | Noticed a centaur warrior
  7944 | D:9      | Killed a centaur warrior
  8368 | D:9      | Found a glowing golden altar of the Shining One.
  8509 | D:9      | Noticed a two-headed ogre
  8516 | D:9      | Killed a two-headed ogre
  8672 | D:9      | Found a burning altar of Makhleb.
  8748 | D:10     | Entered Level 10 of the Dungeon
  8762 | D:10     | Found Ifakib's Weapon Boutique.
  8943 | D:10     | Found a flagged portal.
  9023 | D:10     | Reached ***** piety under Trog
  9260 | D:10     | Found Wotwon's Armour Shop.
  9268 | D:10     | Bought the +2 plate armour "Roulyesa" {Contam +Inv Will++
                  | Dex+3 Stlth+} for 1032 gold pieces
  9449 | D:10     | Found Xuvvirch's Distillery.
  9455 | D:10     | Identified the +0 pair of gloves of the Slug {rCorr Int+3}
 10305 | D:11     | Found a staircase to the Lair.
 10581 | Lair:1   | Entered Level 1 of the Lair of Beasts
 10901 | Lair:1   | Noticed a five-headed hydra
 10906 | Lair:1   | Killed a seven-headed hydra
 10907 | Lair:1   | Reached XP level 12. HP: 113/113 MP: 11/11
 11047 | Lair:1   | Found a dark tunnel.
 11832 | Lair:2   | Noticed Amaemon
 11837 | Lair:2   | Killed Amaemon
 12079 | Lair:2   | Noticed Nergalle
 12088 | Lair:2   | Killed Nergalle
 12555 | Lair:2   | Found a blossoming altar of Fedhas.
 12888 | Lair:3   | Found a hole to the Spider Nest.
 13005 | Lair:3   | Found a staircase to the Shoals.
 13024 | Lair:3   | Reached ****** piety under Trog
 13024 | Lair:3   | Received a gift from Trog
 13196 | Lair:3   | Found a frozen archway.
 13428 | Lair:3   | Reached XP level 13. HP: 80/123 MP: 12/12
 13965 | Shoals:1 | Entered Level 1 of the Shoals
 13986 | Shoals:1 | HP: 5/184 [wind drake (6)]
 14290 | Shoals:1 | Noticed Josephine
 14301 | Shoals:1 | Killed Josephine
 14311 | Shoals:1 | Drowned by a drowned soul

Illustrated notes

Levels and vault maps discovered:
D:1:      scummos_arrival_star, layout_loops_ring, serial_bayou_lagoon_b
D:2:      layout_loops_ring, basic_altar, corexii_item_surrounded_by_moat,
          minmay_door_square, minmay_misc_feat_cross
D:3:      layout_loops_corners, shapermc_ecumenical_altar_mp_vishouse,
          minivault_27
D:4:      layout_loops_ring
D:5:      layout_loops_corners, overflow_temple_1_default,
          nicolae_overflow_two_pavilions, minmay_overflow_temple_star_quad,
          uniq_menkaure
D:6:      layout_rooms, minmay_temple_entry_trees, minmay_misc_feat_alley
D:7:      layout_layer_cave
D:8:      layout_cave_pods, kennysheep_little_box, uniq_maurice
D:9:      layout_roguey, bloody_makhleb, tso_oasis_becter, elyvilon_altar_1
D:10:     layout_roguey [special_room_orc], enter_bailey_5, serial_shops, shop,
          nicolae_shop_stone, shop
D:11:     layout_basic, david_lair_shrubbed
Lair:1:   layout_gridlike, enter_volcano_2, infiniplex_staircase_pool_2
Lair:2:   layout_regular_city, tgw_fedhas, uniq_nergalle, uniq_amaemon
Lair:3:   layout_loops_ring, elwin_shoals_entry_stream,
          spider_nest_entry_rubble, portal_ice_cave_rime,
          minmay_lair_oklob_bushes, nicolae_lair_run_with_the_wolves,
          infiniplex_staircase_pool
Shoals:1: layout_shoals, nzn_prometheus_bound, uniq_josephine, uniq_mlioglotl,
          uniq_roxanne

Skill      XL: |  1  2  3  4  5  6  7  8  9 10 11 12 13 |
---------------+----------------------------------------+-----
Fighting       | 4 5 6 7 10 11 12 13 14 | 14.1
Axes           | 4 5 6 8 10 11 12 13 14 | 14.1
Armour         | 3 4 5 6 7 10 12 13 | 13.9
Dodging        | 3 4 5 6 9 11 12 | 12.8

Action                     |  1- 3 |  4- 6 |  7- 9 | 10-12 | 13-15 || total
---------------------------+-------+-------+-------+-------+-------++-------
  Melee: Hand axe          |    81 |   118 |   111 |       |       ||   310
         Headbutt          |    10 |    16 |    25 |    58 |     9 ||   118
         Broad axe         |       |       |    31 |    25 |       ||    56
         Punch             |       |       |     1 |     1 |       ||     2
         Battleaxe         |       |       |       |   294 |    32 ||   326
 Invoke: Berserk           |       |       |     3 |     5 |     2 ||    10
         Trog's Hand       |       |       |       |     3 |       ||     3
    Use: Potion            |     4 |     4 |     4 |     1 |       ||    13
         Scroll            |     4 |     4 |    10 |     6 |       ||    24
   Stab: Sleeping          |     1 |       |       |       |       ||     1
         Distracted        |       |       |     2 |       |       ||     2
         Paralysed         |       |       |     2 |       |       ||     2
 Armour: Animal skin       |     4 |       |       |       |       ||     4
         Scale mail        |    21 |    53 |    46 |       |       ||   120
         Plate armour      |       |       |    15 |   308 |    38 ||   361
  Dodge: Dodged            |    37 |    66 |    85 |   293 |    34 ||   515
